[Event "17th Delhi GM Open 2019"]
[Site "Delhi"]
[Date "2019.01.12"]
[Round "6"]
[White "Rozum, Ivan"]
[Black "Girish, A. Koushik"]
[Result "1/2-1/2"]
[ECO "D35"]
[WhiteElo "2589"]
[BlackElo "2411"]
[Annotator "ChessBase"]
[PlyCount "121"]
[EventDate "2019.01.09"]
[EventType "swiss"]
[EventCountry "IND"]
[SourceTitle "playchess.com"]
[Source "ChessBase"]
[SourceQuality "1"]
[TimeControl "5400+30"]

1. d4 Nf6 2. c4 e6 3. Nc3 d5 4. cxd5 exd5 5. Bg5 c6 6. e3 Be7 7. Bd3 Nbd7 8. Qc2 O-O 9. Nf3 Re8 10. O-O Nf8 11. Rae1 g6 12. h3 Ne6 13. Bh6 Bf8 14. Bxf8 Rxf8 15. Ne5 c5 16. dxc5 Nxc5 17. Rd1 Qe7 18. Nf3 Bd7 19. Nd4 Rac8 20. Qb1 a6 21. Bc2 Rfd8 22. Nb3 Nxb3 23. Bxb3 Bf5 24. Qa1 Qe5 25. Rd4 Rd6 26. Rfd1 Rcd8 27. R1d2 Ne4 28. Rxd5 Rxd5 29. Rxd5 Rxd5 30. Nxd5 Nd2 31. Nc3 Nxb3 32. axb3 Qd6 33. Qa4 Bc2 34. Qc4 b5 35. Qd5 Qxd5 36. Nxd5 Bxb3 37. Nc7 a5 38. Nxb5 Kf8 39. f3 Ke7 40. Nd4 Ba4 41. Kf2 Kd6 42. Ke2 Kc5 43. Kd2 Kc4 44. h4 Bd7 45. g4 h6 46. g5 hxg5 47. hxg5 a4 48. Kc2 Bh3 49. Nc6 Bf5+ 50. e4 Bh3 51. Nd8 Bg2 52. Nxf7 Kd4 53. e5 Bxf3 54. e6 Bc6 55. Kd2 Kd5 56. Kc3 Be8 57. Kb4 Kxe6 58. Nh8 Kf5 59. Nxg6 Kxg6 60. b3 axb3 61. Kxb3 1/2-1/2

[Event "17th Delhi GM Open 2019"]
[Site "Delhi"]
[Date "2019.01.12"]
[Round "6"]
[White "Paichadze, Luka"]
[Black "Mitrabha, Guha"]
[Result "1/2-1/2"]
[ECO "C00"]
[WhiteElo "2583"]
[BlackElo "2371"]
[Annotator "ChessBase"]
[PlyCount "61"]
[EventDate "2019.01.09"]
[EventType "swiss"]
[EventCountry "IND"]
[SourceTitle "playchess.com"]
[Source "ChessBase"]
[SourceQuality "1"]
[TimeControl "5400+30"]

1. e4 e6 2. b3 d5 3. Bb2 Nf6 4. e5 Nfd7 5. f4 c5 6. Qg4 Nc6 7. Nf3 Nb6 8. Bb5 Qc7 9. O-O Bd7 10. Bxc6 Qxc6 11. d4 O-O-O 12. Nbd2 c4 13. Bc3 h6 14. a4 Kb8 15. Ba5 Rc8 16. Qg3 f5 17. Nh4 Be8 18. Ng6 Bxg6 19. Qxg6 cxb3 20. cxb3 Qe8 21. Qg3 g5 22. Nf3 Be7 23. Rfc1 Qh5 24. Rxc8+ Rxc8 25. Bd2 g4 26. Ne1 Qe8 27. Nd3 h5 28. Qe1 Nd7 29. Rc1 Rxc1 30. Qxc1 Qc8 31. Qxc8+ 1/2-1/2

[Event "17th Delhi GM Open 2019"]
[Site "Delhi"]
[Date "2019.01.12"]
[Round "6"]
[White "Gupta, Abhijeet"]
[Black "Saravana, Krishnan P."]
[Result "1-0"]
[ECO "D17"]
[WhiteElo "2581"]
[BlackElo "2346"]
[Annotator "ChessBase"]
[PlyCount "69"]
[EventDate "2019.01.09"]
[EventType "swiss"]
[EventCountry "IND"]
[SourceTitle "playchess.com"]
[Source "ChessBase"]
[SourceQuality "1"]
[TimeControl "5400+30"]

1. d4 d5 2. c4 c6 3. Nf3 Nf6 4. Nc3 dxc4 5. a4 Bf5 6. Ne5 Nbd7 7. Nxc4 Nb6 8. Ne5 a5 9. e3 g6 10. Bd3 Bxd3 11. Nxd3 Bg7 12. Qb3 O-O 13. O-O Nfd7 14. Rd1 Qc7 15. Bd2 e5 16. Rac1 exd4 17. exd4 Qd6 18. Bf4 Qe6 19. d5 cxd5 20. Nb5 Rac8 21. Rxc8 Rxc8 22. Nd6 Rc4 23. Re1 Qxe1+ 24. Nxe1 Rxf4 25. Nd3 Rxa4 26. g3 Ra1+ 27. Kg2 a4 28. Qb4 Rd1 29. Nc5 Bf8 30. Nxd7 Nxd7 31. Qxa4 Re1 32. Qxd7 Re7 33. Qd8 b6 34. Nc8 Re6 35. Nxb6 1-0

[Event "17th Delhi GM Open 2019"]
[Site "Delhi"]
[Date "2019.01.12"]
[Round "6"]
[White "Ghosh, Diptayan"]
[Black "Gukesh D"]
[Result "1/2-1/2"]
[ECO "E62"]
[WhiteElo "2544"]
[BlackElo "2497"]
[Annotator "ChessBase"]
[PlyCount "39"]
[EventDate "2019.01.09"]
[EventType "swiss"]
[EventCountry "IND"]
[SourceTitle "playchess.com"]
[Source "ChessBase"]
[SourceQuality "1"]
[TimeControl "5400+30"]

1. d4 Nf6 2. c4 g6 3. Nf3 Bg7 4. g3 O-O 5. Bg2 d6 6. O-O Nc6 7. Nc3 Bg4 8. Be3 e5 9. dxe5 dxe5 10. Qa4 Nd7 11. Rfd1 Qc8 12. Nd5 Re8 13. c5 Bxf3 14. exf3 Nd4 15. Qc4 c6 16. Nc3 b5 17. cxb6 Nxb6 18. Qf1 Nc2 19. Rac1 Nxe3 20. fxe3 1/2-1/2

[Event "17th Delhi GM Open 2019"]
[Site "Delhi"]
[Date "2019.01.12"]
[Round "6"]
[White "Deepan Chakkravarthy J."]
[Black "Popov, Ivan"]
[Result "1/2-1/2"]
[ECO "B13"]
[WhiteElo "2543"]
[BlackElo "2588"]
[Annotator "ChessBase"]
[PlyCount "69"]
[EventDate "2019.01.09"]
[EventType "swiss"]
[EventCountry "IND"]
[SourceTitle "playchess.com"]
[Source "ChessBase"]
[SourceQuality "1"]
[TimeControl "5400+30"]

1. e4 c6 2. d4 d5 3. exd5 cxd5 4. Nf3 Nf6 5. Ne5 g6 6. Bd3 Bg7 7. O-O Nc6 8. Nf3 O-O 9. c3 Bf5 10. Bxf5 gxf5 11. Bf4 e6 12. h3 Ne4 13. Nbd2 Kh8 14. Kh2 Ne7 15. Ne5 Ng6 16. Nxg6+ hxg6 17. Nxe4 fxe4 18. f3 f5 19. Qd2 Rc8 20. Rad1 Kh7 21. Qe3 Rf7 22. Rd2 Qe7 23. a4 Bf6 24. fxe4 dxe4 25. g4 e5 26. dxe5 Bxe5 27. Rd5 Bxf4+ 28. Rxf4 Rd8 29. Rxd8 Qxd8 30. gxf5 gxf5 31. Qf2 Rd7 32. Rxf5 Rd2 33. Rf7+ Kg6 34. Rf6+ Kg5 35. Rf5+ 1/2-1/2

[Event "17th Delhi GM Open 2019"]
[Site "Delhi"]
[Date "2019.01.12"]
[Round "6"]
[White "Tran, Tuan Minh"]
[Black "Narayanan.S.L"]
[Result "1/2-1/2"]
[ECO "D85"]
[WhiteElo "2541"]
[BlackElo "2575"]
[Annotator "ChessBase"]
[PlyCount "62"]
[EventDate "2019.01.09"]
[EventType "swiss"]
[EventCountry "IND"]
[SourceTitle "playchess.com"]
[Source "ChessBase"]
[SourceQuality "1"]
[TimeControl "5400+30"]

1. d4 Nf6 2. c4 g6 3. Nc3 d5 4. cxd5 Nxd5 5. e4 Nxc3 6. bxc3 Bg7 7. Nf3 c5 8. Be3 Qa5 9. Qd2 Nc6 10. Rc1 cxd4 11. cxd4 Qxd2+ 12. Kxd2 O-O 13. Bb5 Rd8 14. Bxc6 bxc6 15. Rc5 f5 16. Rhc1 Be6 17. Ne5 f4 18. Bxf4 Rxd4+ 19. Ke3 Ra4 20. Rxc6 Ra3+ 21. Ke2 Rxa2+ 22. Kf1 Bxe5 23. Bxe5 Kf7 24. Rc7 Rd8 25. Bf4 a5 26. R1c2 Rxc2 27. Rxc2 a4 28. Rc3 Rc8 29. Rxc8 Bxc8 30. Bc1 Ba6+ 31. Ke1 e5 1/2-1/2

[Event "17th Delhi GM Open 2019"]
[Site "Delhi"]
[Date "2019.01.12"]
[Round "6"]
[White "Mosadeghpour, Masoud"]
[Black "Debashis, Das"]
[Result "1/2-1/2"]
[ECO "C42"]
[WhiteElo "2517"]
[BlackElo "2538"]
[Annotator "ChessBase"]
[PlyCount "40"]
[EventDate "2019.01.09"]
[EventType "swiss"]
[EventCountry "IND"]
[SourceTitle "playchess.com"]
[Source "ChessBase"]
[SourceQuality "1"]
[TimeControl "5400+30"]

1. e4 e5 2. Nf3 Nf6 3. Nxe5 d6 4. Nf3 Nxe4 5. d4 d5 6. Bd3 Nc6 7. O-O Be7 8. c4 Nb4 9. Be2 O-O 10. Nc3 Bf5 11. a3 Nxc3 12. bxc3 Nc6 13. Re1 Re8 14. cxd5 Qxd5 15. Bf4 Rac8 16. Bd3 Qd7 17. Qb1 Bxd3 18. Qxd3 b6 19. a4 Bf6 20. Qb5 Red8 1/2-1/2

[Event "17th Delhi GM Open 2019"]
[Site "Delhi"]
[Date "2019.01.12"]
[Round "6"]
[White "Movsziszian, Karen"]
[Black "Wagh Suyog"]
[Result "1-0"]
[ECO "A00"]
[WhiteElo "2514"]
[BlackElo "2263"]
[Annotator "ChessBase"]
[PlyCount "54"]
[EventDate "2019.01.09"]
[EventType "swiss"]
[EventCountry "IND"]
[SourceTitle "playchess.com"]
[Source "ChessBase"]
[SourceQuality "1"]
[TimeControl "5400+30"]

1. g3 d5 2. Bg2 c6 3. f4 g6 4. Nf3 Bg7 5. O-O Nf6 6. d3 O-O 7. Kh1 c5 8. c3 Nc6 9. Na3 b6 10. Qa4 Bb7 11. e4 e6 12. e5 Nd7 13. Re1 a6 14. Qd1 b5 15. Nc2 a5 16. Be3 b4 17. Bf2 Re8 18. h4 Rb8 19. c4 Ne7 20. h5 Qc7 21. hxg6 Nxg6 22. cxd5 exd5 23. d4 cxd4 24. Ncxd4 Ba6 25. Rc1 Qb7 26. Nf5 Bf8 27. Ng5 Nb6 1-0

[Event "17th Delhi GM Open 2019"]
[Site "Delhi"]
[Date "2019.01.12"]
[Round "6"]
[White "Gajek, Radoslaw"]
[Black "Kulkarni, Vinayak"]
[Result "1/2-1/2"]
[ECO "A30"]
[WhiteElo "2481"]
[BlackElo "2207"]
[Annotator "ChessBase"]
[PlyCount "115"]
[EventDate "2019.01.09"]
[EventType "swiss"]
[EventCountry "IND"]
[SourceTitle "playchess.com"]
[Source "ChessBase"]
[SourceQuality "1"]
[TimeControl "5400+30"]

1. c4 c5 2. Nf3 Nc6 3. d4 cxd4 4. Nxd4 g6 5. e4 Nf6 6. Nc3 d6 7. Be2 Nxd4 8. Qxd4 Bg7 9. Be3 O-O 10. Qd2 Be6 11. O-O Qa5 12. Rac1 Rfc8 13. b3 a6 14. f4 b5 15. f5 Bd7 16. fxg6 hxg6 17. e5 b4 18. exf6 bxc3 19. Rxc3 Bxf6 20. Bd4 Bxd4+ 21. Qxd4 Qc5 22. Rd1 Be6 23. Qxc5 dxc5 24. Bf3 Ra7 25. Rcd3 a5 26. Rd8+ Rxd8 27. Rxd8+ Kg7 28. Rb8 a4 29. Rb5 axb3 30. axb3 Rc7 31. Kf2 Kf6 32. Ke3 Bd7 33. Ra5 e5 34. Ra6+ Ke7 35. Bd5 Rc8 36. Rb6 Rc7 37. Ra6 Rc8 38. Kd3 f6 39. h4 Rb8 40. Kc3 Rh8 41. g3 g5 42. hxg5 fxg5 43. Rg6 g4 44. b4 cxb4+ 45. Kxb4 Rb8+ 46. Kc3 Rb1 47. c5 Rg1 48. Rg7+ Kd8 49. c6 Bxc6 50. Bxc6 Rc1+ 51. Kd3 Rxc6 52. Ke4 Rc3 53. Rxg4 Rc4+ 54. Kf5 Rxg4 55. Kxg4 Ke7 56. Kf5 Kf7 57. Kxe5 Kg6 58. Ke4 1/2-1/2

[Event "17th Delhi GM Open 2019"]
[Site "Delhi"]
[Date "2019.01.12"]
[Round "6"]
[White "Khusenkhojaev, Muhammad"]
[Black "Kurbonboeva, Sarvinoz"]
[Result "1/2-1/2"]
[ECO "A05"]
[WhiteElo "2455"]
[BlackElo "2214"]
[Annotator "ChessBase"]
[PlyCount "85"]
[EventDate "2019.01.09"]
[EventType "swiss"]
[EventCountry "IND"]
[SourceTitle "playchess.com"]
[Source "ChessBase"]
[SourceQuality "1"]
[TimeControl "5400+30"]

1. Nf3 Nf6 2. c4 g6 3. g3 c6 4. b3 d5 5. Bb2 Bg7 6. Bg2 O-O 7. O-O dxc4 8. bxc4 c5 9. d4 Qb6 10. Qb3 Nfd7 11. Nc3 Nc6 12. dxc5 Qxb3 13. axb3 Nxc5 14. Ra3 Bf5 15. Ba1 Rfd8 16. Na4 Nxa4 17. Rxa4 Bc2 18. Bxg7 Kxg7 19. Ra3 Bd1 20. Re1 h6 21. e3 e6 22. c5 Rac8 23. Ra1 Bxb3 24. Reb1 Bd5 25. Rxb7 Na5 26. Rxa7 Nb3 27. Re1 Rxc5 28. g4 Bc6 29. h3 Rd7 30. Ra6 Bxf3 31. Bxf3 Rc1 32. Rxc1 Nxc1 33. Ra1 Nd3 34. Be2 Nb4 35. Rb1 Nd5 36. Bf3 Kf6 37. Kg2 g5 38. Rb5 Ne7 39. h4 Ng6 40. h5 Nh4+ 41. Kg3 Nxf3 42. Kxf3 Rd2 43. Ra5 {[%emt 0:00:37] Ke5 Ke4+} 1/2-1/2

[Event "17th Delhi GM Open 2019"]
[Site "Delhi"]
[Date "2019.01.12"]
[Round "6"]
[White "Lugovskoy, Maxim"]
[Black "Arpita, Mukherjee"]
[Result "1-0"]
[ECO "B51"]
[WhiteElo "2445"]
[BlackElo "2132"]
[Annotator "NA"]
[PlyCount "89"]
[EventDate "2019.01.09"]
[EventType "swiss"]
[EventCountry "IND"]
[SourceTitle "playchess.com"]
[Source "ChessBase"]
[SourceQuality "1"]
[TimeControl "5400+30"]

1. e4 c5 2. Nf3 d6 3. Bb5+ Nd7 4. d4 cxd4 5. Qxd4 a6 6. Bxd7+ Bxd7 7. c4 e5 8. Qd3 h6 9. Nc3 Nf6 10. O-O Be7 11. b3 Qc7 12. a4 O-O 13. Rd1 Rfd8 14. Nd2 Rac8 15. Nf1 Be6 16. Ne3 Bf8 17. Bd2 b6 18. Be1 Qb7 19. f3 Nd7 20. Rab1 Nc5 21. Qe2 Qc6 22. Ned5 Bxd5 23. Nxd5 Rb8 24. Bf2 Ne6 25. Be3 Nc5 26. Qf2 Kh7 27. Qg3 Nd7 28. Qg4 Qc8 29. Qh5 Kg8 30. g4 Re8 31. g5 hxg5 32. Bxg5 Re6 33. Kh1 b5 34. cxb5 Qc2 35. Nb4 Qf2 36. Rd2 Qb6 37. Nd5 Qa5 38. Rc2 Rg6 39. b6 Rxb6 40. Bd2 Rxb3 41. Rxb3 Qxa4 42. Rc8 Qa1+ 43. Bc1 Rh6 44. Ne7+ Kh7 45. Qf5+ 1-0

[Event "17th Delhi GM Open 2019"]
[Site "Delhi"]
[Date "2019.01.12"]
[Round "6"]
[White "Dzhumaev, Marat"]
[Black "Jay Kundaliya"]
[Result "1-0"]
[ECO "B12"]
[WhiteElo "2437"]
[BlackElo "2054"]
[Annotator "NA"]
[PlyCount "77"]
[EventDate "2019.01.09"]
[EventType "swiss"]
[EventCountry "IND"]
[SourceTitle "playchess.com"]
[Source "ChessBase"]
[SourceQuality "1"]
[TimeControl "5400+30"]

1. e4 c6 2. d4 d5 3. e5 Bf5 4. Nf3 e6 5. Be2 Bg6 6. O-O Nh6 7. Nbd2 Be7 8. c3 O-O 9. Nb3 Nd7 10. Bxh6 gxh6 11. Nfd2 c5 12. f4 c4 13. Nc1 Qb6 14. b3 Ba3 15. bxc4 Bb2 16. Ncb3 Bxc3 17. cxd5 Bxa1 18. Qxa1 Rac8 19. d6 a6 20. h3 Qb4 21. Bf3 Qb6 22. Be2 Qb4 23. Bf3 Rc2 24. Ne4 Qa3 25. Nbc5 Nxc5 26. Nxc5 Rxa2 27. Qc1 Qb4 28. Qe3 Rd2 29. d5 exd5 30. e6 fxe6 31. Nxe6 Rf7 32. f5 Bxf5 33. Bh5 Bg6 34. Rxf7 Kxf7 35. d7 Bxh5 36. d8=Q Re2 37. Qd7+ Kg6 38. Qg7+ Kf5 39. g4+ 1-0

[Event "17th Delhi GM Open 2019"]
[Site "Delhi"]
[Date "2019.01.12"]
[Round "6"]
[White "Czebe, Attila"]
[Black "Aditya Mittal"]
[Result "1/2-1/2"]
[ECO "A06"]
[WhiteElo "2418"]
[BlackElo "2251"]
[Annotator "NA"]
[PlyCount "66"]
[EventDate "2019.01.09"]
[EventType "swiss"]
[EventCountry "IND"]
[SourceTitle "playchess.com"]
[Source "ChessBase"]
[SourceQuality "1"]
[TimeControl "5400+30"]

1. Nf3 d5 2. g3 Nf6 3. Bg2 g6 4. b3 Bg7 5. Bb2 O-O 6. O-O Nbd7 7. c4 c6 8. Nc3 e5 9. cxd5 Nxd5 10. d4 Nxc3 11. Bxc3 e4 12. Ne5 f5 13. Qc2 Nxe5 14. dxe5 Qe7 15. f4 exf3 16. exf3 Qc5+ 17. Rf2 Bxe5 18. Bxe5 Qxe5 19. Rd1 Re8 20. f4 Qg7 21. Qc5 Be6 22. Re2 Qf8 23. Qa5 Bf7 24. Red2 Re7 25. h4 b6 26. Qc3 Rc8 27. Rd6 c5 28. Bc6 Re6 29. Rxe6 Bxe6 30. Bd7 Bxd7 31. Rxd7 Re8 32. Qc4+ Kh8 33. Qc3+ Kg8 1/2-1/2

[Event "17th Delhi GM Open 2019"]
[Site "Delhi"]
[Date "2019.01.12"]
[Round "6"]
[White "Thipsay, Praveen M"]
[Black "Erigaisi Arjun"]
[Result "0-1"]
[ECO "C02"]
[WhiteElo "2405"]
[BlackElo "2548"]
[Annotator "ChessBase"]
[PlyCount "104"]
[EventDate "2019.01.09"]
[EventType "swiss"]
[EventCountry "IND"]
[SourceTitle "playchess.com"]
[Source "ChessBase"]
[SourceQuality "1"]
[TimeControl "5400+30"]

1. e4 e6 2. d4 d5 3. e5 c5 4. c3 Nc6 5. Nf3 Qb6 6. Be2 Nh6 7. Bxh6 gxh6 8. Qd2 Bg7 9. O-O O-O 10. Na3 Bd7 11. Nc2 cxd4 12. cxd4 f6 13. exf6 Rxf6 14. b4 Raf8 15. b5 Ne7 16. Ne5 Be8 17. g3 Nf5 18. a4 h5 19. Kg2 Kh8 20. Qc3 Rg8 21. Bd3 h4 22. Rae1 Rff8 23. Kh1 Qd8 24. g4 Bxe5 25. Rxe5 Rxg4 26. Bxf5 Rxf5 27. Rxf5 exf5 28. f3 Rg7 29. Qe3 Bh5 30. Qe5 h6 31. Ne1 Qg5 32. Qe2 Re7 33. Qf2 Re3 34. Rg1 Qf4 35. Qg2 Bxf3 36. Nxf3 Qxf3 37. Qxf3 Rxf3 38. Rg6 Rf4 39. Rxh6+ Kg7 40. Rd6 Rxd4 41. a5 Ra4 42. Rxd5 Rxa5 43. Rd7+ Kf6 44. Rxb7 h3 45. Kg1 Ra2 46. Rh7 Rg2+ 47. Kf1 Rxh2 48. Rxa7 Rb2 49. Rh7 h2 50. b6 Kg5 51. Rh8 Kg4 52. b7 Kg3 0-1

[Event "17th Delhi GM Open 2019"]
[Site "Delhi"]
[Date "2019.01.12"]
[Round "6"]
[White "Aronyak Ghosh"]
[Black "Harsha Bharathakoti"]
[Result "1/2-1/2"]
[ECO "A41"]
[WhiteElo "2353"]
[BlackElo "2481"]
[Annotator "ChessBase"]
[PlyCount "82"]
[EventDate "2019.01.09"]
[EventType "swiss"]
[EventCountry "IND"]
[SourceTitle "playchess.com"]
[Source "ChessBase"]
[SourceQuality "1"]
[TimeControl "5400+30"]

1. d4 d6 2. Nf3 g6 3. g3 Bg7 4. Bg2 Nd7 5. O-O e5 6. dxe5 dxe5 7. e4 Ngf6 8. Nbd2 O-O 9. b3 b6 10. Re1 Qe7 11. a4 Rd8 12. Ba3 Qe8 13. Qe2 a5 14. Rad1 Bb7 15. Qc4 Rac8 16. Bh3 Bf8 17. Bxf8 Kxf8 18. Nb1 Qe7 19. Nc3 Qb4 20. Qxb4+ axb4 21. Nd5 Nxd5 22. Bxd7 Rxd7 23. Nxe5 Rd6 24. exd5 Bxd5 25. Re3 Re8 26. Ng4 Red8 27. Red3 Ke7 28. Ne3 Bf3 29. Rxd6 Rxd6 30. Rxd6 Kxd6 31. Kf1 Kc5 32. Ke1 Kd4 33. Kd2 f5 34. Nc4 g5 35. Nb2 h5 36. Nd3 c5 37. Nb2 Bd5 38. Nd3 Be4 39. Nb2 Bd5 40. Nd3 Be4 41. Nb2 Bc6 1/2-1/2

[Event "17th Delhi GM Open 2019"]
[Site "Delhi"]
[Date "2019.01.12"]
[Round "6"]
[White "Siva Mahadevan"]
[Black "Rahman, Ziaur"]
[Result "0-1"]
[ECO "B06"]
[WhiteElo "2333"]
[BlackElo "2470"]
[Annotator "ChessBase"]
[PlyCount "118"]
[EventDate "2019.01.09"]
[EventType "swiss"]
[EventCountry "IND"]
[SourceTitle "playchess.com"]
[Source "ChessBase"]
[SourceQuality "1"]
[TimeControl "5400+30"]

1. e4 g6 2. d4 Bg7 3. Nc3 d6 4. Bg5 h6 5. Bh4 Nc6 6. Nge2 Nf6 7. Qd2 O-O 8. d5 Ne5 9. Nd4 c5 10. Nb3 a6 11. a4 g5 12. Bg3 Nh5 13. Be2 Nxg3 14. hxg3 f5 15. f4 Nf7 16. exf5 Bxf5 17. O-O Qd7 18. Bd3 e5 19. dxe6 Bxe6 20. Rae1 Rae8 21. Bg6 Bxb3 22. cxb3 Rxe1 23. Rxe1 gxf4 24. gxf4 Bd4+ 25. Kh2 Qg4 26. Bxf7+ Rxf7 27. g3 Rg7 28. Qd3 Kf8 29. Kg2 h5 30. Qf3 h4 31. Qxg4 Rxg4 32. Ne2 Bxb2 33. Kf3 Rg7 34. gxh4 d5 35. Rd1 Rd7 36. f5 Be5 37. Nf4 Bxf4 38. Kxf4 a5 39. Ke5 d4 40. f6 b6 41. h5 Rh7 42. Ke6 Rxh5 43. Rd3 Rh1 44. Rf3 Re1+ 45. Kf5 Re3 46. Rf1 Kf7 47. Rh1 Rf3+ 48. Ke5 Rxf6 49. Rh7+ Kg6 50. Rb7 Kg5 51. Rb8 Rf5+ 52. Ke4 Rf4+ 53. Ke5 Kg4 54. Rxb6 d3 55. Rg6+ Kf3 56. Rd6 Re4+ 57. Kd5 Rd4+ 58. Kxc5 Rxd6 59. Kxd6 d2 0-1

[Event "17th Delhi GM Open 2019"]
[Site "Delhi"]
[Date "2019.01.12"]
[Round "6"]
[White "Neelash Saha"]
[Black "Deviatkin, Andrei"]
[Result "1/2-1/2"]
[ECO "D12"]
[WhiteElo "2300"]
[BlackElo "2461"]
[Annotator "ChessBase"]
[PlyCount "131"]
[EventDate "2019.01.09"]
[EventType "swiss"]
[EventCountry "IND"]
[SourceTitle "playchess.com"]
[Source "ChessBase"]
[SourceQuality "1"]
[TimeControl "5400+30"]

1. d4 c6 2. c4 d5 3. Nf3 Nf6 4. e3 Bf5 5. Nc3 e6 6. Nh4 Bg6 7. Nxg6 hxg6 8. Qb3 Qc7 9. h3 Nbd7 10. Bd2 Nb6 11. Rc1 Be7 12. cxd5 exd5 13. Bd3 O-O 14. O-O a5 15. a3 a4 16. Qd1 Rfe8 17. Rb1 Qd6 18. Bc2 Bd8 19. Nxa4 Bc7 20. f4 Nc4 21. Re1 b6 22. Bb4 Qd7 23. Qf3 Ne4 24. Re2 Re6 25. b3 Ncd6 26. Bxd6 Qxd6 27. Bxe4 dxe4 28. Qg3 Qxa3 29. Rc2 Qe7 30. Rbc1 Qd7 31. Qg4 f5 32. Qg3 Bd8 33. h4 Rd6 34. Qe1 Kh7 35. g3 Ra5 36. Kg2 Qe6 37. Rc3 Rb5 38. Rb1 Bf6 39. Qe2 Bd8 40. b4 Qd7 41. Rcc1 c5 42. bxc5 Rxb1 43. Rxb1 bxc5 44. Nxc5 Qc8 45. Rc1 Rc6 46. Qb2 Be7 47. Nb3 Rxc1 48. Qxc1 Qa6 49. Qc2 Qa4 50. Kf2 Bd8 51. Qc3 Qa2+ 52. Kg1 Qe2 53. Qd2 Qg4 54. Kh2 Bxh4 55. Qg2 Qd1 56. Nd2 Be7 57. g4 Kg8 58. g5 Qh5+ 59. Kg1 Qd1+ 60. Nf1 Bb4 61. Qa2+ Kh7 62. Qf2 Be1 63. Qh2+ Kg8 64. Qa2+ Kh7 65. Qg2 Kg8 66. Qa2+ 1/2-1/2

[Event "17th Delhi GM Open 2019"]
[Site "Delhi"]
[Date "2019.01.12"]
[Round "6"]
[White "Swati Ghate"]
[Black "Karthikeyan, P.."]
[Result "0-1"]
[ECO "C60"]
[WhiteElo "2216"]
[BlackElo "2457"]
[Annotator "ChessBase"]
[PlyCount "92"]
[EventDate "2019.01.09"]
[EventType "swiss"]
[EventCountry "IND"]
[SourceTitle "playchess.com"]
[Source "ChessBase"]
[SourceQuality "1"]
[TimeControl "5400+30"]

1. e4 e5 2. Nf3 Nc6 3. Bb5 g6 4. c3 a6 5. Ba4 Bg7 6. d4 exd4 7. cxd4 b5 8. Bb3 d6 9. h3 Nf6 10. O-O O-O 11. Nc3 Bb7 12. e5 dxe5 13. dxe5 Nd7 14. Bg5 Qe8 15. Nd5 Ncxe5 16. Re1 c5 17. Nxe5 Nxe5 18. f4 c4 19. Rxe5 Qb8 20. Re1 Qe8 21. Re5 Qb8 22. Re1 Qe8 23. Re5 Qb8 24. Bc2 Bxe5 25. fxe5 Qxe5 26. Nf6+ Kh8 27. Qd2 Rad8 28. Qc3 Qxc3 29. bxc3 Rd6 30. Rf1 h5 31. Bf4 Re6 32. Nd7 Rfe8 33. Nc5 Re2 34. Rf2 Re1+ 35. Kh2 R8e2 36. Rxe2 Rxe2 37. Nxb7 Rxc2 38. Be5+ Kg8 39. a3 g5 40. Kg3 f5 41. Nd6 f4+ 42. Kf3 Ra2 43. Ne4 Rxa3 44. Nxg5 b4 45. Ne4 b3 46. Nd2 b2 0-1

[Event "17th Delhi GM Open 2019"]
[Site "Delhi"]
[Date "2019.01.12"]
[Round "6"]
[White "Saurabh Anand"]
[Black "Manik, Mikulas"]
[Result "1-0"]
[ECO "B69"]
[WhiteElo "2210"]
[BlackElo "2413"]
[Annotator "NA"]
[PlyCount "80"]
[EventDate "2019.01.09"]
[EventType "swiss"]
[EventCountry "IND"]
[SourceTitle "playchess.com"]
[Source "ChessBase"]
[SourceQuality "1"]
[TimeControl "5400+30"]

1. e4 c5 2. Nf3 d6 3. d4 cxd4 4. Nxd4 Nf6 5. Nc3 Nc6 6. Bg5 e6 7. Qd2 a6 8. O-O-O Bd7 9. f4 Be7 10. Nf3 b5 11. Bxf6 gxf6 12. f5 Qa5 13. Kb1 h5 14. g3 Rc8 15. fxe6 fxe6 16. Bh3 Ne5 17. Nxe5 fxe5 18. g4 Rc4 19. g5 b4 20. Ne2 Rg8 21. Rhg1 Rxe4 22. g6 Qc5 23. Ng3 Qa5 24. Ne2 Qc5 25. Ng3 Qa5 26. Ne2 Qc5 27. Ng3 Rf4 28. Nxh5 Rf2 29. Qc1 Rxh2 30. g7 Kd8 31. Rh1 Rf2 32. Rdf1 e4 33. Rxf2 Qxf2 34. Qh6 e3 35. Bxe6 e2 36. Bxg8 e1=Q+ 37. Rxe1 Qxe1+ 38. Qc1 Qxc1+ 39. Kxc1 Bg5+ 40. Kb1 Be7 1-0

[Event "17th Delhi GM Open 2019"]
[Site "Delhi"]
[Date "2019.01.12"]
[Round "6"]
[White "Bharat Kumar Reddy Poluri"]
[Black "Das, Sayantan"]
[Result "1/2-1/2"]
[ECO "C70"]
[WhiteElo "2197"]
[BlackElo "2451"]
[Annotator "ChessBase"]
[PlyCount "154"]
[EventDate "2019.01.09"]
[EventType "swiss"]
[EventCountry "IND"]
[SourceTitle "playchess.com"]
[Source "ChessBase"]
[SourceQuality "1"]
[TimeControl "5400+30"]

1. e4 e5 2. Nf3 Nc6 3. Bb5 a6 4. Ba4 Nge7 5. O-O g6 6. c3 Bg7 7. d4 exd4 8. cxd4 b5 9. Bb3 O-O 10. d5 Na5 11. d6 cxd6 12. Nc3 Bb7 13. Bd5 Nxd5 14. Nxd5 Nc4 15. Rb1 Re8 16. b3 Ne5 17. Bf4 Bxd5 18. Qxd5 Nxf3+ 19. gxf3 Be5 20. Bg3 Qf6 21. Kg2 Rac8 22. Rbc1 h5 23. Qb7 Rcd8 24. h4 Bxg3 25. Kxg3 Qe5+ 26. f4 Qxe4 27. Qxe4 Rxe4 28. Kf3 Re6 29. Rfd1 Kf8 30. Rc7 Ke7 31. Ra7 Rc8 32. Rxa6 Rc3+ 33. Kg2 Rc2 34. Rd3 Ree2 35. Rf3 Rxa2 36. Rb6 f5 37. Rxb5 Red2 38. Rb8 Re2 39. Rg8 Kf7 40. Rd8 Ra7 41. Rd3 Re6 42. Kg3 Rb7 43. Rh8 Ke7 44. Rc8 Rb4 45. Rg8 Kf7 46. Rd8 Rb7 47. Kg2 Ke7 48. Rg8 Kf7 49. Rd8 Kf6 50. Rf8+ Ke7 51. Rg8 Rb6 52. Rg7+ Kd8 53. Rg8+ Kc7 54. Rg7 Rb4 55. Rc3+ Kb8 56. Kg3 Rb7 57. Kg2 d5 58. Rg3 Rbb6 59. Rxd7 Red6 60. Re7 d4 61. Rd3 Rbc6 62. Rg7 Rb6 63. Re7 Rbc6 64. Re5 Kc7 65. Kf3 Rc1 66. Ra5 Rh1 67. Kg3 Rg1+ 68. Kf3 Rg4 69. Ra7+ Kc8 70. Ra4 Rxh4 71. Rdxd4 Rb6 72. Rab4 Rh3+ 73. Kg2 Rxb3 74. Rxb3 Rxb3 75. Rd6 Rb4 76. Kf3 Rb3+ 77. Kg2 Rb4 1/2-1/2

[Event "17th Delhi GM Open 2019"]
[Site "Delhi"]
[Date "2019.01.12"]
[Round "6"]
[White "Darpan, Inani"]
[Black "Muthaiah AL"]
[Result "0-1"]
[ECO "B27"]
[WhiteElo "2016"]
[BlackElo "2406"]
[Annotator "NA"]
[PlyCount "66"]
[EventDate "2019.01.09"]
[EventType "swiss"]
[EventCountry "IND"]
[SourceTitle "playchess.com"]
[Source "ChessBase"]
[SourceQuality "1"]
[TimeControl "5400+30"]

1. e4 c5 2. Nf3 g6 3. d4 cxd4 4. Qxd4 Nf6 5. Nc3 Nc6 6. Qa4 d6 7. e5 dxe5 8. Nxe5 Qd4 9. Nxc6 Qxa4 10. Nxa4 bxc6 11. Be3 Bg7 12. O-O-O O-O 13. b3 Nd5 14. Bc5 Re8 15. c4 Nb6 16. Nb2 e5 17. f3 e4 18. fxe4 Bg4 19. Re1 Rad8 20. Nd3 Bc3 21. Re3 Nd7 22. Ba3 Nf6 23. e5 Bf5 24. h3 Ne4 25. Bb4 Bxb4 26. Nxb4 Nf2 27. Rg1 Rd1+ 28. Kb2 c5 29. Nd5 Rxd5 30. cxd5 Nd1+ 31. Ka3 Nxe3 32. Bc4 Rxe5 33. g4 Bd7 0-1